 Dungeon Crawl Stone Soup version 0.30.1-9-gdf580d7c3d (webtiles) character file.

Game seed: 3606007218805202498

348 pkoi the Insei (level 6, -1/53 HPs)
             Began as a Draconian Monk on Oct 23, 2023.
             Was a Believer of Qazlal.
             Slain by an orc
             ... wielding a +0 club
              (5 damage)
             ... on level 4 of the Dungeon.
             The game lasted 00:03:39 (3599 turns).

pkoi the Insei (Draconian Monk)                     Turns: 3599, Time: 00:03:39

Health: -1/53      AC:  6    Str: 13    XL:     6   Next: 33%
Magic:  7/7        EV: 13    Int: 13    God:    Qazlal [**....]
Gold:   205        SH:  3    Dex: 13    Spells: 5/5 levels left

rFire   . .          .
                       - Unarmed
rCold   . . .        (no shield)
rNeg    . . .        (body armour unavailable)
rPois   .            (helmet restricted)
rElec   .            (no cloak)
rCorr   .            (no gloves)
SInv    .            (no boots)
Will    .....        (no amulet)
Stlth   +            (no ring)
HPRegen 0.28/turn    (no ring)
MPRegen 0.10/turn

%: no passive effects
@: no status effects
A: AC +6, unfitting armour, cold-blooded
a: Renounce Religion, Upheaval


You were on level 4 of the Dungeon.
You worshipped Qazlal.
Qazlal was pleased with you.
You visited 1 branch of the dungeon, and saw 4 of its levels.

You collected 205 gold pieces.

Inventory:

Hand Weapons
 d - a +2 dagger of freezing
Armour
 b - an orb of light
 p - a +1 kite shield of poison resistance
Wands
 g - a wand of paralysis (17)
 o - a wand of flame (23)
Scrolls
 c - a scroll of torment {unknown}
 e - a scroll of blinking
 j - a scroll of poison
 k - 2 scrolls of teleportation
Potions
 a - a potion of ambrosia
 f - a potion of might
 l - a potion of brilliance
 n - a potion of lignification
 q - a potion of heal wounds


   Skills:
 + Level 4.3 Fighting
 + Level 3.6 Dodging
 - Level 1.0 Shields
 + Level 5.3 Unarmed Combat
 * Level 2.4 Invocations


You had 5 spell levels left.
You didn't know any spells.
Your spell library contained the following spells:

 Spells                   Type           Power      Damage    Failure   Level
 Call Canine Familiar     Summ           0%         N/A       67%         3
 Portal Projectile        Hex/Tloc       0%         N/A       67%         3
 Leda's Liquefaction      Hex/Erth       0%         N/A       97%         4


Dungeon Overview and Level Annotations

Branches:
Dungeon (4/15)
 Temple: D:4-7

Altars:
Qazlal
Trog

Portals:
Sewer: D:4

Annotations:
D:3 Sigmund


Innate Abilities, Weirdness & Mutations

Your plain brown scales are hard. (AC +6)
You cannot fit into any form of body armour.
You are cold-blooded and may be slowed by cold attacks.


Message History

Items here: †††††.
Found a glowing drain.
You enter the shallow water.
Moving in this stuff is going to be slow.
The phantom hits you.
* * * LOW HITPOINT WARNING * * *
The phantom blinks!
You blink.
You can't go up here!
You hit the phantom.
The phantom is moderately damaged.
You hit the phantom but do no damage. You punch the phantom.
The phantom is moderately damaged.
The phantom closely misses you.
You miss the phantom.
The phantom is moderately damaged.
The phantom barely misses you. The water moccasin skeleton bites you.
* * * LOW HITPOINT WARNING * * *
You punch the phantom!
The phantom is heavily damaged.
The phantom barely misses you. The water moccasin skeleton bites you.
* * * LOW HITPOINT WARNING * * *
Unknown command.
The water moccasin skeleton attacks as you move away!
The water moccasin skeleton bites you but does no damage.
You hit the orc.
Your tail-slap misses the orc.
The orc is heavily wounded.
The orc hits you with a +0 club.
* * * LOW HITPOINT WARNING * * *
You hit the orc but do no damage.
The orc is heavily wounded.
The phantom misses you.
You hit the orc.
Your tail-slap misses the orc.
The orc is almost dead.
The orc closely misses you. The orc barely misses you.
The phantom barely misses you.
Unknown command.
You closely miss the orc.
The orc is almost dead.
The orc hits you with a +0 club.
You die...

#. #.# # #.# #####
#.###### ....#
#.##$..## ~~~.#
#.#.....# ~~~.#
####### ##.#......
~~~P# ##o@oZo#
#.o....... ~~~.#
##.W###Z####o..#...##
~...#
#..Z###.†.ZZZ...####
...##
#....~~#####o..##
.### #...~~~# ##.##
## ##..~~~# #.# #
#.~~~~# #.# ######
#.~~~∩# ##'## .....#
####### ##...##


You could see a phantom, 3 orcs, a hound zombie, a water moccasin skeleton and a
hound skeleton.

Vanquished Creatures
  A phantom (D:4)
  A sleepcap (D:4)
  An orc wizard (D:3)
  2 hound zombies (D:4)
  3 hound skeletons (D:4)
  A river rat (D:4)
  5 adders
  A howler monkey skeleton (D:4)
  A worm (D:2)
  A dart slug (D:1)
  5 orcs
  5 bats
  4 endoplasms
  6 giant cockroaches
  4 goblins
  8 hobgoblins
  10 jackals (D:2)
  A quokka (D:2)
  12 ball pythons
  A frilled lizard (D:1)
  5 kobolds
  9 rats
87 creatures vanquished.

Notes
Turn   | Place    | Note
-------+----------+-------------------------------------------
     0 | D:1      | pkoi the Draconian Monk began the quest for the Orb.
     0 | D:1      | Reached XP level 1. HP: 19/19 MP: 1/1
   159 | D:1      | Reached XP level 2. HP: 26/26 MP: 2/2
   302 | D:1      | Reached skill level 4 in Unarmed Combat
   541 | D:1      | Reached XP level 3. HP: 31/31 MP: 3/3
  1654 | D:2      | Reached XP level 4. HP: 38/38 MP: 4/4
  1952 | D:3      | Found a stormy altar of Qazlal.
  1971 | D:3      | Became a worshipper of Qazlal Stormbringer
  1971 | D:3      | Reached * piety under Qazlal
  1971 | D:3      | Reached ** piety under Qazlal
  2459 | D:3      | Found a bloodstained altar of Trog.
  2642 | D:3      | Noticed Sigmund
  3067 | D:4      | Reached skill level 5 in Unarmed Combat
  3067 | D:4      | Reached XP level 5. HP: 45/46 MP: 5/5
  3072 | D:4      | Reached skill level 1 in Shields
  3083 | D:4      | Noticed a phantom
  3091 | D:4      | Noticed a phantom
  3109 | D:4      | Killed a phantom
  3110 | D:4      | Reached skill level 1 in Invocations
  3269 | D:4      | Reached XP level 6. HP: 43/52 MP: 7/7
  3584 | D:4      | Found a glowing drain.
  3599 | D:4      | Slain by an orc

Illustrated notes

Levels and vault maps discovered:
D:1:      ldierk_walled_garden_2, layout_loops_ring, serial_bayou_pond_a
D:2:      layout_loops_corners, minmay_tetromino_l2
D:3:      layout_loops_cross, mainiacjoe_overflow_tiny_flanked, trog_book,
          uniq_sigmund
D:4:      layout_loops_corners, serial_undead, serial_undead_d, serial_undead_f,
          serial_undead_c, serial_undead_e, serial_undead_c, serial_undead_f,
          serial_undead_f, serial_undead_f, serial_undead_c, serial_undead_e,
          portal_sewer_entry_b

Skill      XL: |  1  2  3  4  5 |
---------------+----------------+-----
Unarmed Combat | 4 5 |  5.3
Dodging        | 3 |  3.6
Fighting       | 4 |  4.3
Shields        | 1 |  1.0
Invocations    | 2 |  2.4

Action                     |  1- 3 |  4- 6 || total
---------------------------+-------+-------++-------
  Melee: Unarmed           |   127 |   196 ||   323
         Tailslap          |    17 |    27 ||    44
         Punch             |       |     9 ||     9
    Use: Scroll            |       |     9 ||     9
         Potion            |       |     3 ||     3
 Armour: Skin              |    41 |    63 ||   104
  Dodge: Dodged            |    94 |   146 ||   240
  Block: Other             |       |    19 ||    19
         Kite shield       |       |     1 ||     1
